[Event "38th Indian Junior Girls-ch 2024"]
[Site "Karnal"]
[Date "2024.09.19"]
[Round "5.1"]
[White "Shubhi Gupta"]
[Black "Keerti Shree Reddy"]
[Result "1/2-1/2"]
[ECO "E11"]
[WhiteElo "2013"]
[BlackElo "2023"]
[Annotator "RC"]
[PlyCount "60"]
[EventDate "2024.09.16"]
[EventType "swiss"]
[EventCountry "IND"]
[SourceTitle "playchess.com"]
[Source "ChessBase"]
[SourceQuality "1"]
[TimeControl "5400+30"]

1. d4 Nf6 2. Nf3 e6 3. c4 Bb4+ 4. Bd2 Qe7 5. e3 Nc6 6. a3 Bxd2+ 7. Nfxd2 a5 8. Nc3 d6 9. Bd3 O-O 10. O-O e5 11. d5 Nb8 12. Qe2 c6 13. e4 Bd7 14. b4 Na6 15. Rfb1 axb4 16. axb4 c5 17. bxc5 Nxc5 18. Bc2 Qd8 19. Nb3 Na4 20. Nd1 Qc7 21. Nd2 Nc5 22. Ne3 Rfb8 23. h3 Ra5 24. Rxa5 Qxa5 25. Nb3 Nxb3 26. Rxb3 b5 27. cxb5 Rxb5 28. Nc4 Qa1+ 29. Kh2 Rxb3 30. Bxb3 Qa6 1/2-1/2

[Event "38th Indian Junior Girls-ch 2024"]
[Site "Karnal"]
[Date "2024.09.19"]
[Round "5.2"]
[White "Marium Fatima"]
[Black "Nivedita V C"]
[Result "1-0"]
[ECO "E65"]
[WhiteElo "1935"]
[BlackElo "1953"]
[Annotator "RC"]
[PlyCount "109"]
[EventDate "2024.09.16"]
[EventType "swiss"]
[EventCountry "IND"]
[SourceTitle "playchess.com"]
[Source "ChessBase"]
[SourceQuality "1"]
[TimeControl "5400+30"]

1. d4 Nf6 2. c4 g6 3. g3 Bg7 4. Bg2 O-O 5. Nc3 d6 6. Nf3 c5 7. O-O Nc6 8. dxc5 dxc5 9. Be3 Qa5 10. Qa4 Be6 11. Qb5 a6 12. Qxa5 Nxa5 13. b3 Ng4 14. Bd2 Rfd8 15. Rac1 Nc6 16. Na4 Bf5 17. Bc3 Nd4 18. Nxd4 cxd4 19. Ba5 Rdb8 20. Nb6 Ra7 21. c5 Ne5 22. Nd5 Nc6 23. Bb6 Raa8 24. Nc7 e5 25. b4 e4 26. Nxa8 Rxa8 27. a4 Nxb4 28. g4 Bxg4 29. Bxe4 Bxe2 30. Bxb7 Rb8 31. Bg2 Bxf1 32. Kxf1 Be5 33. Rb1 Na2 34. Re1 Bxh2 35. Ba7 Rc8 36. Bb7 Rf8 37. c6 Nc3 38. Bxd4 Nd5 39. Bxa6 Nc7 40. Bb7 Bd6 41. a5 Re8 42. Rxe8+ Nxe8 43. a6 Bb8 44. a7 Bxa7 45. Bxa7 Kf8 46. Bb6 Ke7 47. c7 Nxc7 48. Bxc7 f5 49. Bc8 Kf6 50. Bd8+ Ke5 51. Bg5 h5 52. Kg2 Ke4 53. Bb7+ Ke5 54. Kg3 Ke6 55. Kf4 1-0

[Event "38th Indian Junior Girls-ch 2024"]
[Site "Karnal"]
[Date "2024.09.19"]
[Round "5.3"]
[White "Gorli Nyna"]
[Black "Sneha Halder"]
[Result "1/2-1/2"]
[ECO "C01"]
[WhiteElo "1865"]
[BlackElo "1990"]
[Annotator "NA RC"]
[PlyCount "78"]
[EventDate "2024.09.16"]
[EventType "swiss"]
[EventCountry "IND"]
[SourceTitle "playchess.com"]
[Source "ChessBase"]
[SourceQuality "1"]
[TimeControl "5400+30"]

1. e4 e5 2. Nf3 Nf6 3. Nxe5 d6 4. Nf3 Nxe4 5. d3 Nf6 6. d4 d5 7. Bd3 Bg4 8. Bg5 Qe7+ 9. Qe2 $11 (9. Be3 $1 $14) 9... Bxf3 10. gxf3 Qxe2+ 11. Kxe2 Nbd7 12. Nc3 c6 13. Bf4 Nh5 14. Bg3 Bb4 15. Kd2 Nxg3 16. fxg3 c5 17. Kd1 Bxc3 18. bxc3 Ke7 19. Kd2 Kd6 20. Rhe1 g6 21. Rab1 c4 22. Bf1 b6 23. Bh3 Nb8 24. Bg2 Nc6 25. Rb5 Ne7 26. f4 Rad8 27. a4 Rhe8 28. Re5 f6 29. Re2 Kc7 30. Rb1 Nf5 31. Rxe8 Rxe8 32. Bxd5 Nd6 33. Rb4 a5 34. Rb1 h6 35. Bf3 Re7 36. Ra1 Re8 37. Rb1 Re7 38. Ra1 Re8 39. Rb1 Re7 1/2-1/2

[Event "38th Indian Junior Girls-ch 2024"]
[Site "Karnal"]
[Date "2024.09.19"]
[Round "5.3"]
[White "Gorli Nyna"]
[Black "Sneha Halder"]
[Result "*"]
[ECO "C01"]
[WhiteElo "1865"]
[BlackElo "1990"]
[Annotator "RC"]
[PlyCount "22"]
[EventDate "2024.09.16"]
[EventType "swiss"]
[EventCountry "IND"]
[SourceTitle "playchess.com"]
[Source "ChessBase"]
[SourceQuality "1"]
[TimeControl "5400+30"]

1. e4 e5 2. Nf3 Nf6 3. Nxe5 d6 4. Nf3 Nxe4 5. d3 Nf6 6. d4 d5 7. Bd3 Bg4 8. Bg5 Qe7+ 9. Qe2 Bxf3 10. gxf3 Qe6 11. Qe3 Qxe3+ *

[Event "38th Indian Junior Girls-ch 2024"]
[Site "Karnal"]
[Date "2024.09.19"]
[Round "5.4"]
[White "Chinnam Vyshnavi"]
[Black "Mrittika Mallick"]
[Result "1-0"]
[ECO "E04"]
[WhiteElo "1863"]
[BlackElo "1962"]
[Annotator "RC"]
[PlyCount "108"]
[EventDate "2024.09.16"]
[EventType "swiss"]
[EventCountry "IND"]
[SourceTitle "playchess.com"]
[Source "ChessBase"]
[SourceQuality "1"]
[TimeControl "5400+30"]

1. d4 d5 2. c4 e6 3. Nf3 a6 4. g3 dxc4 5. Bg2 Nc6 6. O-O Nf6 7. Nc3 Be7 8. Qa4 O-O 9. Qxc4 Nd5 10. e4 Nb6 11. Qd3 Nb4 12. Qe2 c5 13. Rd1 cxd4 14. Nxd4 Qc7 15. a3 Nc6 16. Bf4 e5 17. Nxc6 bxc6 18. Be3 a5 19. Rac1 Ba6 20. Qg4 Bc8 21. Qe2 Ba6 22. Qg4 Bc8 23. Qf3 Nc4 24. Na4 Be6 25. Rc2 Qb7 26. Rdc1 Qb5 27. Bf1 Qxa4 28. Bxc4 Bxc4 29. Rxc4 Qb5 30. R1c2 Rfc8 31. Qf5 Qb7 32. Qxe5 Bf6 33. Qd6 Bxb2 34. a4 Qb3 35. Qc5 Ba3 36. Qb6 Qd3 37. Rxc6 Rcb8 38. Qc7 Rb1+ 39. Bc1 Qxe4 40. R6c4 Qd5 41. Qc6 Qd8 42. Qxa8 Qxa8 43. Rc8+ Qxc8 44. Rxc8+ Bf8 45. Kg2 Rxc1 46. Rxc1 g6 47. Rc7 Bb4 48. Kf3 Kg7 49. Ke4 Bd6 50. Ra7 Bb4 51. Kd5 Kf6 52. Kc4 Ke6 53. Kb5 Be1 54. f3 Kd5 1-0

[Event "38th Indian Junior Girls-ch 2024"]
[Site "Karnal"]
[Date "2024.09.19"]
[Round "5.5"]
[White "Sravyasree Bheemarasetty"]
[Black "Anushka Bapu Kutwal"]
[Result "1-0"]
[ECO "A03"]
[WhiteElo "1874"]
[BlackElo "1860"]
[Annotator "NA RC"]
[PlyCount "105"]
[EventDate "2024.09.16"]
[EventType "swiss"]
[EventCountry "IND"]
[SourceTitle "playchess.com"]
[Source "ChessBase"]
[SourceQuality "1"]
[TimeControl "5400+30"]

1. g3 d5 2. f4 c5 3. Bg2 Nc6 4. Nf3 g6 5. e3 Bg7 6. d4 Nf6 7. O-O cxd4 8. exd4 Bg4 9. c3 Ne4 10. h3 Bxf3 11. Qxf3 Qb6 12. Kh2 O-O-O 13. a4 f5 14. b4 h5 15. h4 Kb8 16. Qd3 Nf6 17. a5 Qc7 18. Nd2 Ng4+ 19. Kg1 Rhe8 20. Nb3 Ka8 21. b5 Nb8 22. Nc5 e5 23. b6 Qc6 24. a6 Nxa6 25. Nxa6 Qxb6 26. Nc5 exd4 27. cxd4 Re4 28. Rb1 Rxd4 29. Rxb6 Rxd3 30. Nxd3 Bd4+ 31. Kh1 Bxb6 32. Ne5 Nf2+ 33. Kh2 Ng4+ 34. Nxg4 hxg4 35. Re1 Kb8 36. Re6 d4 37. Rxg6 Rc8 38. Bb2 Rc2 39. Rxb6 axb6 40. Bxd4 Ka7 41. h5 Rc7 42. h6 Rh7 43. Bg7 b5 44. Bd5 b4 45. Bg8 Rxh6+ 46. Bxh6 Kb6 47. Be6 Kb5 48. Bxf5 b3 49. Bg7 Kb4 50. Bxg4 Ka3 51. Be6 b2 52. Bxb2+ Kxb2 53. f5 1-0

[Event "38th Indian Junior Girls-ch 2024"]
[Site "Karnal"]
[Date "2024.09.19"]
[Round "5.6"]
[White "Cera Dagariya"]
[Black "Velpula Sarayu"]
[Result "1-0"]
[ECO "B23"]
[WhiteElo "1844"]
[BlackElo "2381"]
[Annotator "RC"]
[PlyCount "59"]
[EventDate "2024.09.16"]
[EventType "swiss"]
[EventCountry "IND"]
[SourceTitle "playchess.com"]
[Source "ChessBase"]
[SourceQuality "1"]
[TimeControl "5400+30"]

1. e4 c5 2. Nc3 d6 3. f4 g6 4. Nf3 Bg7 5. Bb5+ Bd7 6. a4 Nc6 7. O-O a6 8. Bc4 e6 9. d3 Nge7 10. f5 gxf5 11. Ng5 Ne5 12. Qh5 N7g6 13. exf5 exf5 14. Bb3 Kf8 15. Bf4 Nxf4 16. Rxf4 Qe8 17. Nd5 h6 18. Nf3 f6 19. Qh3 Ng6 20. Re1 Qf7 21. Qg3 Ne5 22. Nc7 c4 23. Nxe5 fxe5 24. Rxc4 f4 25. Qf3 Rc8 26. Qxb7 Bf6 27. Rxf4 Qg7 28. Rxf6+ Qxf6 29. Rf1 Bf5 30. Qxc8+ 1-0

[Event "38th Indian Junior Girls-ch 2024"]
[Site "Karnal"]
[Date "2024.09.19"]
[Round "5.7"]
[White "Bhagyashree Patil"]
[Black "Sindhusree K"]
[Result "0-1"]
[ECO "D02"]
[WhiteElo "1987"]
[BlackElo "1840"]
[Annotator "RC"]
[PlyCount "74"]
[EventDate "2024.09.16"]
[EventType "swiss"]
[EventCountry "IND"]
[SourceTitle "playchess.com"]
[Source "ChessBase"]
[SourceQuality "1"]
[TimeControl "5400+30"]

1. d4 Nf6 2. Nf3 d5 3. Bf4 e6 4. e3 Bd6 5. Bd3 O-O 6. Nbd2 c5 7. c3 b6 8. O-O Bb7 9. Re1 Qc7 10. dxc5 Bxf4 11. cxb6 Bxh2+ 12. Nxh2 Qxb6 13. Qc2 Nbd7 14. Nhf3 Nc5 15. Bf1 Rab8 16. Rab1 Rfc8 17. Rec1 h6 18. c4 Nce4 19. b4 dxc4 20. Nxc4 Qd8 21. Nfe5 Bd5 22. Qd1 Rc7 23. Rc2 Nd7 24. Nf3 Bc6 25. Qd3 Bd5 26. a3 Rbc8 27. Rbc1 Qf6 28. a4 Qe7 29. Na3 Rxc2 30. Rxc2 Rxc2 31. Nxc2 Ndf6 32. Ne5 Qc7 33. f4 Ng3 34. Nd4 Qc1 35. b5 Nfe4 36. Ng4 h5 37. Nh2 Qe1 0-1

[Event "38th Indian Junior Girls-ch 2024"]
[Site "Karnal"]
[Date "2024.09.19"]
[Round "5.8"]
[White "Amulya Guruprasad"]
[Black "Sherali Pattnaik"]
[Result "1/2-1/2"]
[ECO "C96"]
[WhiteElo "1827"]
[BlackElo "1915"]
[Annotator "RC"]
[PlyCount "101"]
[EventDate "2024.09.16"]
[EventType "swiss"]
[EventCountry "IND"]
[SourceTitle "playchess.com"]
[Source "ChessBase"]
[SourceQuality "1"]
[TimeControl "5400+30"]

1. e4 e5 2. Nf3 Nc6 3. Bb5 Nf6 4. O-O d6 5. Re1 Be7 6. h3 a6 7. Ba4 b5 8. Bb3 O-O 9. c3 Nd7 10. d4 Na5 11. Bc2 c5 12. d5 Nb6 13. Nbd2 f5 14. exf5 Bxf5 15. Bxf5 Rxf5 16. Ne4 Qd7 17. Re3 Raf8 18. Ng3 R5f7 19. b3 Nb7 20. Ne4 Nd8 21. Nh2 Rf5 22. Nf1 Bh4 23. Re2 Nf7 24. Ne3 Rf4 25. Qc2 Ng5 26. Nxg5 Bxg5 27. c4 R4f7 28. Nf1 Bxc1 29. Rxc1 Nc8 30. Ng3 Ne7 31. Ne4 h6 32. Qb2 Nf5 33. b4 bxc4 34. bxc5 Nd4 35. Re3 dxc5 36. Rxc4 Qxd5 37. Rxc5 Qe6 38. Qa3 Rf4 39. Qa5 Qg6 40. Rxe5 Nf3+ 41. Rxf3 Rxf3 42. Qd5+ Kh8 43. Re6 R3f5 44. Qc6 Qf7 45. f3 Rb5 46. Qxa6 Rb1+ 47. Kh2 Qf4+ 48. Ng3 Qc1 49. Ne2 Qc7+ 50. Ng3 Qc1 51. Ne2 1/2-1/2

[Event "38th Indian Junior Girls-ch 2024"]
[Site "Karnal"]
[Date "2024.09.19"]
[Round "5.10"]
[White "Vakcheri Mohitha"]
[Black "Wankhade Sanskruti"]
[Result "1/2-1/2"]
[ECO "D10"]
[WhiteElo "1820"]
[BlackElo "1889"]
[Annotator "NA RC"]
[PlyCount "155"]
[EventDate "2024.09.16"]
[EventType "swiss"]
[EventCountry "IND"]
[SourceTitle "playchess.com"]
[Source "ChessBase"]
[SourceQuality "1"]
[TimeControl "5400+30"]

1. d4 d5 2. c4 c6 3. cxd5 cxd5 4. Bf4 Nf6 5. e3 Nc6 6. Nc3 Bg4 7. Qb3 Na5 8. Qa4+ Bd7 9. Qc2 e6 10. Bd3 Rc8 11. Nge2 h6 12. O-O Nh5 13. e4 ({White should play} 13. Be5 $11) 13... dxe4 14. Bxe4 Nxf4 15. Nxf4 Bd6 16. Nfe2 O-O 17. Rfd1 f5 18. Bf3 Qf6 19. Qd3 $15 Nc6 20. a3 Bb8 21. Rac1 Kh8 22. g3 e5 23. Bg2 f4 24. Ne4 Qf7 25. d5 Ne7 26. N2c3 a6 27. Kh1 Nf5 28. b4 Nd4 29. gxf4 Qxf4 30. Qg3 Qf7 31. d6 (31. Bh3 $11) 31... Rce8 32. Re1 Nf5 ({Black should try} 32... Re6 $19 33. Rcd1 Rg6 (33... Bxd6 $2 34. Nxd6 Rxd6 35. Qxe5 $19)) 33. Qd3 Bc6 34. Rcd1 Rd8 35. b5 axb5 36. Nxb5 Bxe4 $2 ({Black should try} 36... Nh4 $19 37. Rd2 Qd7 (37... Nxg2 $2 38. Kxg2 Qd7 39. Nbc3 $19)) 37. Qxe4 Nxd6 38. Nxd6 Bxd6 39. Qxb7 Qxb7 (39... Bxa3 $2 {is the wrong capture.} 40. Qxf7 Rxd1 41. Qxf8+ Bxf8 42. Rxd1 $18) 40. Bxb7 Rxf2 41. Rxe5 (41. Be4 $11 {keeps the balance.}) 41... Rb8 ({Black should play} 41... Rxh2+ $1 $17 42. Kg1 Rh4) 42. Rxd6 Rxb7 43. Kg1 Rbb2 44. Rh5 Rfc2 45. Rd1 Ra2 46. Rh3 Kh7 47. Kh1 g5 48. Rd7+ Kg6 49. Rd6+ Kf5 50. Rd1 Rc6 51. Rf1+ Kg6 52. Rd1 g4 53. Rg3 Kg5 54. Rdg1 h5 55. R1g2 Rc1+ 56. Rg1 Rcc2 57. R1g2 Rxg2 58. Rxg2 Rxa3 59. Rf2 h4 60. Rf8 Ra1+ 61. Kg2 Ra2+ 62. Kg1 Ra1+ 63. Kf2 h3 64. Rg8+ Kf5 65. Rf8+ Ke6 66. Rg8 Ra2+ 67. Kg3 Rg2+ 68. Kh4 Kf5 69. Rf8+ Ke4 70. Rg8 Kf3 71. Rf8+ Ke2 72. Rg8 Rxh2 73. Rxg4 Rh1 74. Kg3 h2 75. Rh4 Ke3 76. Rxh2 Rg1+ 77. Rg2 Rxg2+ 78. Kxg2 1/2-1/2